 Dungeon Crawl Stone Soup version 0.31-a0-234-gad7ace16ef (webtiles) character file.

Game seed: 10465128617573789372

42 qw the Shooter (level 3, -2/21 HPs)
             Began as a Gargoyle Hexslinger on July 9, 2023.
             Killed from afar by Ijyb (5 damage)
             ... with a puff of flame
             ... on level 3 of the Dungeon.
             The game lasted 00:00:37 (1521 turns).

qw the Shooter (Gargoyle Hexslinger)                Turns: 1521, Time: 00:00:38

Health: -2/21      AC: 11    Str: 11    XL:     3   Next: 54%
Magic:  4/4        EV: 10    Int: 16    God:
Gold:   87         SH:  0    Dex: 14    Spells: 3/4 levels left

rFire   . . .        Y - +1 sling
rCold   . . .        (no shield)
rNeg    + . .        b - +0 ring mail of Objectivity {Int+3}
rPois   inf          (no helmet)
rElec   +            (no cloak)
rCorr   .            d - +2 pair of gloves
SInv    .            (no boots)
Will    .....        (no amulet)
Stlth   +            (no ring)
HPRegen 0.23/turn    (no ring)
MPRegen 0.09/turn

%: no passive effects
@: no status effects
A: sickness immunity, AC +3, negative energy resistance 1, electricity
resistance, torment resistance 1, petrification resistance
a: no special abilities


You were on level 3 of the Dungeon.
You visited 1 branch of the dungeon, and saw 3 of its levels.

You collected 87 gold pieces.


Innate Abilities, Weirdness & Mutations

You are immune to sickness and miasma.
Your stone body is resilient. (AC +3)
You are immune to poison.
You resist negative energy. (rN+)
You are resistant to electric shocks. (rElec)
You are resistant to unholy torment.
You are immune to petrification.


   Skills:
 - Level 2.0 Fighting
 - Level 3.3 Ranged Weapons
 + Level 0.8 Armour
 - Level 1.5 Dodging
 - Level 1.0 Spellcasting
 - Level 2.6 Hexes


You had 3 spell levels left.
You knew the following spells:

 Your Spells              Type           Power      Damage    Failure   Level
a - Slow                  Hex            36%        N/A       19%         1

Your spell library contained the following spells:

 Spells                   Type           Power      Damage    Failure   Level
 Inner Flame              Hex/Fire       5%         N/A       67%         3
 Portal Projectile        Hex/Tloc       10%        N/A       67%         3
 Cause Fear               Hex            4%         N/A       88%         4

Inventory:

Hand Weapons
 Y - a +1 sling (weapon)
Armour
 b - the +0 ring mail of Objectivity (worn) {Int+3}
   (You found it on level 2 of the Dungeon)

   Int:       It affects your intelligence (+3).
 d - a +2 pair of gloves (worn)
Potions
 a - a potion of haste
 g - a potion of heal wounds {unknown}

Dungeon Overview and Level Annotations

Branches:
Dungeon (3/15)

Altars:

Annotations:
D:3 Ijyb


Message History

The puff of flame hits you but does no damage.
A kobold comes into view. It is wielding a +0 whip.
1507 ||| Stepping ~*~*~tactically~*~*~ (outnumbered).
1509 ||| Stepping ~*~*~tactically~*~*~ (outnumbered).
You shoot a sling bullet. The sling bullet misses Ijyb.
Ijyb hits you but does no damage.
You shoot a sling bullet. The sling bullet hits Ijyb.
Ijyb is moderately wounded.
Ijyb closely misses you.
You shoot a sling bullet. The sling bullet closely misses Ijyb.
Ijyb zaps a wand.
The puff of flame hits you! Ijyb barely misses you.
You shoot a sling bullet. The sling bullet closely misses Ijyb.
Ijyb misses you.
You shoot a sling bullet. The sling bullet misses Ijyb.
Ijyb screams, "It's all mine!"
Ijyb zaps a wand.
The puff of flame hits you!
Ouch! That really hurt!
You shoot a sling bullet. The sling bullet misses Ijyb.
Ijyb screams, "Me stronger than you!"
Ijyb zaps a wand.
The puff of flame hits you but does no damage.
Ijyb closely misses you.
A goblin comes into view. It is wielding a +0 club.
You shoot a sling bullet. The goblin shouts!
The sling bullet hits Ijyb.
Ijyb is moderately wounded.
Ijyb screams, "I no like you!" Ijyb completely misses you.
You shoot a sling bullet. The sling bullet hits Ijyb.
Ijyb is heavily wounded.
Ijyb zaps a wand.
The puff of flame misses you.
You shoot a sling bullet. The sling bullet misses Ijyb.
Ijyb hits you but does no damage. Ijyb barely misses you.
You shoot a sling bullet. The sling bullet hits Ijyb.
Ijyb is severely wounded.
Ijyb hits you but does no damage.
You shoot a sling bullet. The sling bullet misses Ijyb.
Ijyb zaps a wand.
The puff of flame hits you.
You die...

#.# .. #.# .. #.#
.. #.# #.
#######.####### #g
......%........
#K#########.######.
##+###g#.........#
.......@.#########
.........#
.........#
.........#
.........#
##+##..... ....##
#.####


You could see Ijyb, a goblin and a kobold.

Vanquished Creatures
  An adder (D:2)
  A worm (D:2)
  4 ball pythons
  3 endoplasms
  2 giant cockroaches (D:2)
  2 goblins (D:2)
  3 hobgoblins (D:2)
  3 quokkas
  3 bats
  A frilled lizard (D:2)
  A kobold (D:1)
  2 rats
26 creatures vanquished.

Notes
Turn   | Place    | Note
-------+----------+-------------------------------------------
     0 | D:1      | qw the Gargoyle Hexslinger began the quest for the Orb.
     0 | D:1      | Reached XP level 1. HP: 12/12 MP: 2/2
     0 | D:1      | 0 ||| qw: Version: 0.3-a-51-g015441d
     0 | D:1      | 0 ||| qw: Game counter: 4196
     0 | D:1      | 0 ||| qw: Melee chars always use a shield: true
     0 | D:1      | 0 ||| qw: God list: Okawaru
     0 | D:1      | 0 ||| qw: Allow faded altars: false
     0 | D:1      | 0 ||| qw: Do Orc after clearing Dungeon:15 true
     0 | D:1      | 0 ||| qw: Do second Lair branch before Depths: true
     0 | D:1      | 0 ||| qw: Lair rune preference: random
     0 | D:1      | 0 ||| qw: Goals: Normal
     0 | D:1      | 0 ||| PLANNING D:1-11
     0 | D:1      | 0 ||| DROPPING scroll of poison.
   148 | D:2      | Reached XP level 2. HP: 16/16 MP: 3/3
   158 | D:2      | Identified the +0 ring mail of Objectivity {Int+3}
   185 | D:2      | Reached skill level 3 in Ranged Weapons
   256 | D:2      | Identified the +6 trident of Feblam Sotz {heavy, rPois
                  | rF+++ Will- Dex+4 Stlth+}
   614 | D:2      | Reached XP level 3. HP: 21/21 MP: 4/4
   729 | D:2      | 729 ||| UPGRADING to +0 ring mail of Objectivity {Int+3}.
   739 | D:2      | 739 ||| DROPPING +0 robe.
   740 | D:2      | 740 ||| UPGRADING to +2 pair of gloves.
   745 | D:2      | 745 ||| READING scroll labelled ZAX KUFFOKLUOW.
   762 | D:2      | 762 ||| STAIRDANCE
   766 | D:2      | 766 ||| STAIRDANCE
   770 | D:2      | 770 ||| STAIRDANCE
   774 | D:2      | 774 ||| STAIRDANCE
   778 | D:2      | 778 ||| STAIRDANCE
   782 | D:2      | 782 ||| STAIRDANCE
   786 | D:2      | 786 ||| STAIRDANCE
   790 | D:2      | 790 ||| STAIRDANCE
   794 | D:2      | 794 ||| STAIRDANCE
   798 | D:2      | 798 ||| STAIRDANCE
   802 | D:2      | 802 ||| STAIRDANCE
   806 | D:2      | 806 ||| STAIRDANCE
   810 | D:2      | 810 ||| STAIRDANCE
   814 | D:2      | 814 ||| STAIRDANCE
   818 | D:2      | 818 ||| STAIRDANCE
   822 | D:2      | 822 ||| STAIRDANCE
   826 | D:2      | 826 ||| STAIRDANCE
   830 | D:2      | 830 ||| STAIRDANCE
   834 | D:2      | 834 ||| STAIRDANCE
   838 | D:2      | 838 ||| STAIRDANCE
  1419 | D:1      | 1419 ||| READING scroll labelled TUNY XEUPTEZ.
  1420 | D:1      | 1420 ||| READING scroll labelled RICIWNA IMUMA.
  1421 | D:1      | 1421 ||| READING scroll labelled CIACOSEIRETZ.
  1422 | D:1      | 1422 ||| DRINKING 2 green potions.
  1423 | D:1      | 1423 ||| DRINKING 2 fuming cyan potions.
  1424 | D:1      | 1424 ||| DROPPING potion of magic.
  1505 | D:3      | Noticed Ijyb
  1507 | D:3      | 1507 ||| Stepping ~*~*~tactically~*~*~ (outnumbered).
  1509 | D:3      | 1509 ||| Stepping ~*~*~tactically~*~*~ (outnumbered).
  1515 | D:3      | HP: 1/21 [Ijyb/puff of flame (12)]
  1521 | D:3      | Killed from afar by Ijyb

Levels and vault maps discovered:
D:1:      nicolae_arrival_escape_room, layout_loops_ring, st_stairs_13,
          chequers_serial_rivers_micro_c
D:2:      layout_basic, minivault_25
D:3:      layout_basic, nicolae_ecumenical_lake_church, nicolae_wormholes,
          uniq_terence, uniq_sigmund, uniq_ijyb

Skill      XL: |  1  2 |
---------------+-------+-----
Ranged Weapons | 3 |  3.3
Fighting       | 2 |  2.0
Armour         | |  0.8
Dodging        | |  1.5
Spellcasting   | |  1.0
Hexes          | |  2.6

Action                     || total
---------------------------++-------
   Fire: Sling             ||    93
    Use: Scroll            ||     4
         Potion            ||     2
 Armour: Robe              ||    10
         Ring mail         ||     8
  Dodge: Dodged            ||    27

Table legend:
 A = Non-vault XP
 B = Vault XP
 C = Vault XP percentage of total XP
 D = Non-vault monster count
 E = Vault monster count
 F = Vault count percentage of total count
                 A         B        C        D         E       F
            +---------+---------+-------+---------+---------+-------
      Total |      57 |       3 |   5.0 |      24 |       2 |   7.7
            +---------+---------+-------+---------+---------+-------
        D:1 |       7 |       3 |  30.0 |       4 |       2 |  33.3
        D:2 |      46 |       0 |   0.0 |      18 |       0 |   0.0
        D:3 |       4 |       0 |   0.0 |       2 |       0 |   0.0
            +---------+---------+-------+---------+---------+-------
